 Dungeon Crawl Stone Soup version 0.30-a0-1008-g30c9307041 (webtiles) character file.

Game seed: 5568035105399079411

2829 GigaChad the Cleaver (level 10, -6/79 HPs)
             Began as a Formicid Fighter on Apr 5, 2023.
             Was an Initiate of Gozag.
             Mangled by a troll (10 damage)
             ... on level 8 of the Dungeon.
             The game lasted 00:08:53 (7666 turns).

GigaChad the Cleaver (Formicid Fighter)             Turns: 7666, Time: 00:08:54

Health: -6/79      AC: 10    Str: 26    XL:     10   Next: 3%
Magic:  10/10      EV:  9    Int:  7    God:    Gozag
Gold:   862        SH:  7    Dex: 19    Spells: 9/9 levels left

rFire   . . .      SeeInvis +    A - +2 battleaxe
rCold   . . .      Faith    .    c - +1 buckler
rNeg    . . .      Spirit   .    s - +0 chain mail
rPois   .          Reflect  .    (helmet unavailable)
rElec   .          Rampage  .    (no cloak)
rCorr   .                        (no gloves)
Will    +....                    (no boots) Stlth
                                 (no amulet)
HPRegen 0.33/turn                h - +6 ring of dexterity
MPRegen 0.12/turn                (no ring)

@: no status effects
A: permanent stasis, dig shafts and tunnels, antennae 3, four strong arms
a: Dig, Shaft Self, Renounce Religion, Potion Petition, Call Merchant, Bribe
Branch


You were on level 8 of the Dungeon.
You worshipped Gozag.
Gozag was pleased with you.
You visited 1 branch of the dungeon, and saw 8 of its levels.

You collected 922 gold pieces.
You paid 60 gold pieces to Gozag.

Inventory:

Hand Weapons
 a - a +4 war axe
 o - a +0 scythe
 A - a +2 battleaxe (weapon)
Armour
 b - a +0 scale mail
 c - a +1 buckler (worn)
 s - a +0 chain mail (worn)
Jewellery
 h - a +6 ring of dexterity (left hand)
 m - a ring of wizardry
 y - a ring of positive energy
 D - a ring of resist corrosion
Wands
 i - a wand of flame (12)
 t - a wand of polymorph (1)
 u - a wand of digging (5)
 C - a wand of quicksilver (22)
 F - a wand of mindburst (11)
Scrolls
 e - 4 scrolls of teleportation
 g - 2 scrolls of vulnerability
 n - a scroll of amnesia
 x - 4 scrolls of noise
 E - a scroll of fog
Potions
 d - 2 potions of might
 f - 4 potions of flight
 j - 2 potions of invisibility
 k - a potion of attraction {unknown}
 l - a potion of lignification {unknown}
 p - 3 potions of curing
 q - a potion of magic {unknown}
 v - a potion of berserk rage {unknown}
 w - a potion of haste {unknown}
 z - a potion of cancellation {unknown}
 B - a potion of degeneration {unknown}


   Skills:
 + Level 7.1 Fighting
 + Level 9.7 Axes
 + Level 6.5 Armour
 + Level 1.3 Dodging
 + Level 1.4 Stealth
 + Level 6.6 Shields


You had 9 spell levels left.
You didn't know any spells.
Your spell library contained the following spells:

 Spells                   Type           Power      Damage    Failure   Level
 Apportation              Tloc           0%         N/A       94%         1
 Shock                    Conj/Air       0%         1d3       94%         1
 Slow                     Hex            0%         N/A       94%         1
 Cigotuvi's Dreadful Rot  Necr/Pois/Air  0%         N/A       98%         2
 Ensorcelled Hibernation  Hex/Ice        0%         N/A       98%         2
 Confusing Touch          Hex            0%         N/A       100%        3
 Ignite Poison            Fire/Tmut/Pois 0%         N/A       100%        3
 Spider Form              Tmut/Pois      0%         N/A       100%        3
 Vampiric Draining        Necr           0%         2d6       100%        3
 Airstrike                Air            0%         2d(0-16)  100%        4
 Anguish                  Hex/Necr       0%         N/A       100%        4
 Animate Armour           Summ/Erth      0%         N/A       100%        4
 Alistair's Intoxication  Tmut/Pois      0%         N/A       100%        5
 Blade Hands              Tmut           0%         N/A       100%        5
 Freezing Cloud           Conj/Ice/Air   0%         6-21      100%        5
 Iron Shot                Conj/Erth      0%         9d1       100%        6
 Swiftness                Air            Unusable   N/A       N/A         3

Dungeon Overview and Level Annotations

Branches:
Dungeon (8/15)             Temple (0/1) D:6
   Lair: D:8-11

Altars:
Ashenzari
Dithmenos
Gozag
Makhleb
Qazlal
Ru
Vehumet
Xom

Annotations:
D:3 3 runed translucent doors, hgbash's ghost, amateur GrEE


Innate Abilities, Weirdness & Mutations

You cannot be hasted, slowed, berserked, paralysed or teleported.
You can dig through walls and to a lower floor.
You have a pair of large antennae on your head. (SInv)
Your four strong arms can wield two-handed weapons with a shield.


Message History

a +0 dagger; a +0 robe You now have 855 gold pieces (gained 11).
Things that are here:
a +0 short sword; a +0 robe; a +0 dagger You now have 862 gold pieces (gained 7).
Things that are here:
a +0 great mace; a +0 leather armour You see here a +0 dagger.
Things that are here:
a +0 short sword; a +0 robe; a +0 dagger A troll comes into view.
The troll shouts!
A troll is nearby!
A troll is nearby!
Found a book of Changes.
The troll bites you! The troll claws you! You block the troll's attack.
You hit the troll.
The troll is lightly wounded.
The troll bites you! The troll claws you but does no damage.
You block the troll's attack.
You hit the troll but do no damage.
The troll is lightly wounded.
The troll bites you! The troll claws you but does no damage.
The troll claws you!
* * * LOW HITPOINT WARNING * * *
You are too injured to fight recklessly!
You are too injured to fight recklessly!
The troll misses you. The troll claws you.
* * * LOW HITPOINT WARNING * * *
The troll claws you.
* * * LOW HITPOINT WARNING * * *
You hit the troll.
The troll is lightly wounded.
The troll bites you!
* * * LOW HITPOINT WARNING * * *
The troll claws you!
* * * LOW HITPOINT WARNING * * *
The troll claws you!
You die...
Your body crumbles into a pile of gold.

............... .
..:............ #
...............
................
.................
.................
$
.................
......T@........
##............#
###........###
###.....##
####.## #..# #.##
##.# #..#


You could see a troll.

Vanquished Creatures
  Grinder (D:4)
  Sigmund (D:4)
  A shadow (D:7)
  Menkaure (D:4)
  A water moccasin (D:6)
  2 ice beasts
  An orc warrior (D:4)
  A black bear (D:8)
  2 ogres
  2 phantoms
  2 gnoll sergeants
  A scorpion (D:7)
  3 wights (D:6)
  9 hounds
  4 orc priests
  3 jellies
  3 iguanas
  A sleepcap (D:5)
  8 orc wizards
  4 gnolls (D:6)
  8 adders
  2 shadow imps (D:7)
  A white imp (D:5)
  3 worms
  4 dart slugs
  32 orcs
  4 bats
  6 endoplasms
  6 giant cockroaches
  6 goblins
  5 hobgoblins
  2 quokkas
  2 ball pythons
  7 frilled lizards
  8 kobolds
  4 rats
151 creatures vanquished.

Notes
Turn   | Place    | Note
-------+----------+-------------------------------------------
     0 | D:1      | GigaChad the Formicid Fighter began the quest for the Orb.
     0 | D:1      | Reached XP level 1. HP: 18/18 MP: 1/1
    15 | D:1      | Found a faded altar of an unknown god.
   118 | D:1      | Reached XP level 2. HP: 24/24 MP: 2/2
   939 | D:2      | Reached XP level 3. HP: 30/30 MP: 3/3
  1144 | D:2      | Reached skill level 3 in Axes
  1234 | D:2      | Reached XP level 4. HP: 37/37 MP: 4/4
  1798 | D:3      | Found a runed translucent gate.
  1798 | D:3      | Found a runed translucent gate.
  1798 | D:3      | Found a runed translucent gate.
  1799 | D:3      | Noticed hgbash's ghost (amateur GrEE)
  1838 | D:3      | Found a burning altar of Makhleb.
  1930 | D:3      | Reached skill level 1 in Stealth
  2426 | D:3      | Reached XP level 5. HP: 42/42 MP: 5/5
  2748 | D:4      | Reached skill level 4 in Axes
  3344 | D:4      | Found a radiant altar of Vehumet.
  3360 | D:4      | Noticed Sigmund
  3373 | D:4      | Killed Sigmund
  3374 | D:4      | Reached skill level 5 in Axes
  3374 | D:4      | Reached XP level 6. HP: 34/48 MP: 6/6
  3460 | D:4      | Noticed Grinder
  3474 | D:4      | Killed Grinder
  3475 | D:4      | Reached skill level 5 in Shields
  3475 | D:4      | Reached XP level 7. HP: 54/55 MP: 7/7
  3481 | D:4      | Found a shimmering altar of Xom.
  3492 | D:4      | Reached skill level 6 in Axes
  3492 | D:4      | Reached skill level 1 in Dodging
  3657 | D:4      | Found an opulent altar of Gozag.
  3669 | D:4      | Became a worshipper of Gozag Ym Sagoz the Greedy
  3744 | D:4      | Reached XP level 8. HP: 8/61 MP: 8/8
  4236 | D:4      | Noticed Menkaure
  4240 | D:4      | Killed Menkaure
  4241 | D:4      | Reached skill level 5 in Fighting
  4241 | D:4      | Reached skill level 5 in Armour
  4302 | D:5      | Entered Level 5 of the Dungeon
  4923 | D:5      | Reached skill level 7 in Axes
  5587 | D:6      | Reached XP level 9. HP: 69/69 MP: 9/9
  5662 | D:6      | Reached skill level 8 in Axes
  5946 | D:6      | Found a sacrificial altar of Ru.
  6024 | D:6      | Found a shadowy altar of Dithmenos.
  6032 | D:6      | Found a stormy altar of Qazlal.
  6100 | D:6      | Found a staircase to the Ecumenical Temple.
  6671 | D:6      | Found a broken altar of Ashenzari.
  6873 | D:7      | Reached skill level 9 in Axes
  7508 | D:8      | Reached XP level 10. HP: 73/79 MP: 10/10
  7666 | D:8      | Mangled by a troll

Illustrated notes

Levels and vault maps discovered:
D:1:      psy_arrival_spokes, layout_basic, dreamdust_ecumenical_altar_statues
D:2:      layout_loops_corners, serial_glass, glass_columns_a, glass_columns_b
D:3:      layout_basic, lemuel_doored_altar, ebering_ghost_rock_garden,
          kennysheep_flooded_box
D:4:      layout_basic, mainiacjoe_overflow_catwalk, vehumet_altar_wand_db,
          mainiacjoe_overflow_tiny_flanked, minmay_small_thing, uniq_sigmund,
          uniq_menkaure, uniq_grinder
D:5:      layout_basic, kennysheep_doodads
D:6:      layout_cave_pools, nicolae_overflow_hidden_temple,
          nicolae_ashenzari_skybound, minmay_temple_entry_water_ring,
          roderic_lattice_a
D:7:      layout_loops_cross
D:8:      layout_cave_pods

Skill      XL: |  1  2  3  4  5  6  7  8  9 |
---------------+----------------------------+-----
Axes           | 3 5 6 7 9 |  9.7
Stealth        | 1 |  1.4
Fighting       | 4 5 7 |  7.1
Armour         | 4 5 6 |  6.5
Shields        | 5 6 |  6.6
Dodging        | 1 |  1.3

Action                     |  1- 3 |  4- 6 |  7- 9 | 10-12 || total
---------------------------+-------+-------+-------+-------++-------
  Melee: War axe           |    63 |   109 |   149 |       ||   321
         Battleaxe         |       |       |    54 |    15 ||    69
    Use: Scroll            |     1 |    11 |     8 |       ||    20
 Armour: Scale mail        |    25 |    45 |     5 |       ||    75
         Chain mail        |       |       |    62 |     6 ||    68
  Dodge: Dodged            |    32 |    32 |    67 |     7 ||   138
  Block: Buckler           |    12 |    25 |    58 |     5 ||   100

Table legend: (Time is in decaauts)
 A = Elapsed time spent in this place.
 B = Non-inter-level travel time spent in this place.
 C = Inter-level travel time spent in this place.
 D = Time resting spent in this place.
 E = Time spent auto-exploring this place.
 F = Levels seen in this place.
 G = Mean time per level.
                   A        B        C        D        E       F      G
               +--------+--------+--------+--------+--------+-----+--------+
         Total |   7771 |   7601 |    170 |   1020 |   5180 |   8 |  971.4 |
       Dungeon |   7771 |   7601 |    170 |   1020 |   5180 |   8 |  971.4 |
               +--------+--------+--------+--------+--------+-----+--------+

Top non-repeatable levels by time:
     D:4: 1769 daAuts
     D:6: 1313 daAuts
     D:5: 1166 daAuts
     D:3: 900 daAuts
     D:2: 853 daAuts
     D:1: 846 daAuts
     D:7: 707 daAuts
     D:8: 214 daAuts
